AoeStats
← Carls3819

Arabia

507647712Analyzed
2v2 RM · 14d ago on Sep 19, 2026· 24m 36s· 4 players
Game mode
Random Map
Map size
Medium (4 player)
Population
200
Speed
Normal
Resources
Standard
Victory
Conquest
Starting age
Dark Age
Ending age
Imperial Age
RankedLock teamsTeams togetherTeam positionsShared explorationLock speedFull tech treeHidden civsTurbo modeCheats
Victory
Defeat
🇺🇸 Franks · United States
648
+10
🇺🇸 Khmer · United States
614
+11
🇨🇴 Franks · Colombia
540
-11
🇨🇴 Burmese · Colombia
483
-10
Chowbra
8:18 Loom
11:21 Feudal Age
12:10 Double-Bit Axe
18:27 Forging
18:24 Scale Mail Armor
20:51 Gold Mining
Carls3819
0:34 Loom
11:59 Feudal Age
12:47 Horse Collar
18:17 Arson
19:25 Man-at-Arms
20:04 Gold Mining
20:05 Stone Mining
23:53 Castle Age
glut
10:09 Loom
11:54 Feudal Age
15:06 Castle Age
13:05 Horse Collar
19:27 Scale Barding Armor
lemissile93
5:02 Loom
11:03 Feudal Age
13:22 Double-Bit Axe
20:08 Castle Age
21:27 Pikeman
23:04 Arson
Connection lost

Rejoining the realm…

Still unreachable

The connection could not be restored.

Session expired

The server has moved on; the page needs a fresh start.